 Dungeon Crawl Stone Soup version 0.30-a0-748-ge6a52f7cba (webtiles) character file.

Game seed: 9444805047649701996

67 theblackgale the Trooper (level 3, -2/29 HPs)
             Began as a Demonspawn Monk on Feb 8, 2023.
             Slain by Crazy Yiuf
             ... wielding a +2 quarterstaff of chaos
              (5 damage)
             ... on level 2 of the Dungeon.
             The game lasted 00:12:24 (1095 turns).

theblackgale the Trooper (Demonspawn Monk)          Turns: 1095, Time: 00:12:25

Health: -2/29      AC:  5    Str: 11    XL:     3   Next: 98%
Magic:  3/3        EV: 11    Int: 11    God:
Gold:   57         SH:  0    Dex: 17    Spells: 2/2 levels left

rFire   + + .      SeeInvis .    c - +1 dagger (venom)
rCold   x . .      Faith    .    (no shield)
rNeg    . . .      Spirit   .    o - +0 ring mail
rPois   .          Reflect  .    (no helmet)
rElec   .          Harm     .    (no cloak)
rCorr   .          Rampage  .    (no gloves)
Will    .....                    (no boots)
Stlth   +                        (no amulet)
HPRegen 0.24/turn                f - ring of protection from fire
MPRegen 0.08/turn                g - ring of fire

@: lethally poisoned (-2 -> -8)
A: foul stench 1
a: no special abilities


You were on level 2 of the Dungeon.
You visited 1 branch of the dungeon, and saw 2 of its levels.

You collected 57 gold pieces.

Inventory:

Hand Weapons
 a - a +1 falchion
 c - a +1 dagger of venom (weapon)
Missiles
 l - 3 poisoned darts (quivered)
Armour
 b - a +0 robe
 k - a +0 leather armour
 o - a +0 ring mail (worn)
Jewellery
 f - a ring of protection from fire (left hand)
 g - a ring of fire (right hand)
Scrolls
 e - 3 scrolls of blinking {unknown}
 j - a scroll of vulnerability
 n - a scroll of magic mapping {unknown}
Potions
 d - a potion of haste {unknown}
 h - a potion of flight
 i - a potion of degeneration {unknown}
 m - a potion of ambrosia
 p - a potion of might {unknown}


   Skills:
 + Level 3.5 Fighting
 + Level 3.4 Long Blades
 + Level 3.3 Dodging
 + Level 1.9 Stealth


You had 2 spell levels left.
You didn't know any spells.
Your spell library contained the following spells:

 Spells                   Type           Power      Damage    Failure   Level
 Kiss of Death            Conj/Necr      0%         2d5       65%         1
 Call Canine Familiar     Summ           0%         N/A       95%         3
 Confusing Touch          Hex            0%         N/A       95%         3
 Gell's Gravitas          Tloc           0%         N/A       95%         3
 Portal Projectile        Hex/Tloc       0%         N/A       95%         3
 Teleport Other           Tloc           0%         N/A       95%         3
 Dispel Undead            Necr           0%         3d6       100%        4
 Leda's Liquefaction      Hex/Erth       0%         N/A       100%        4
 Dispersal                Tloc           0%         N/A       100%        6


Dungeon Overview and Level Annotations

Branches:
Dungeon (2/15)

Altars:

Annotations:
D:2 Crazy Yiuf


Innate Abilities, Weirdness & Mutations

You may rarely emit foul miasma when damaged in melee.


Message History

Found 7 stones.
Found two hammers.
p - a blue potion
Found a runed hammer.
You see here a +0 hammer.
Found seven hammers.
Found a runed translucent door.
You see here a +0 antimagic hammer.
Found a hammer.
You see here a +0 hammer.
You see here a +0 hammer.
Found three hammers.
You see here a +0 hammer.
You start removing your armour.
You continue taking off your +0 leather armour.
Crazy Yiuf shouts!
You continue taking off your +0 leather armour. x3
You finish taking off your +0 leather armour.
You start putting on your armour.
You continue putting on your +0 ring mail. x4
Crazy Yiuf cries, "Fire!"
You continue putting on your +0 ring mail.
You finish putting on your +0 ring mail.
You open the door.
Crazy Yiuf grits, "Mugger sow wrapper!"
You hit Crazy Yiuf.
Crazy Yiuf is lightly wounded.
Crazy Yiuf hits you with a +2 quarterstaff of chaos!
You are poisoned.
You hit Crazy Yiuf.
Crazy Yiuf is poisoned.
Crazy Yiuf is moderately wounded.
You feel very sick.
Crazy Yiuf grits, "Pitchfork rumpyflump bag!"
Crazy Yiuf hits you with a +2 quarterstaff of chaos!
* * * LOW HITPOINT WARNING * * *
You hit Crazy Yiuf.
Crazy Yiuf is heavily wounded.
* * * LOW HITPOINT WARNING * * *
You feel sick.
Crazy Yiuf hits you with a +2 quarterstaff of chaos.
You die...

####### ......#
#####.#
#####.####♣♣♣♣♣
....#.##...)♣)♣♣♣ ###
###.#.#.....)♣))♣#)))#
#.........♣♣♣♣@g)).#
#........♣♣ ♣♣#)))#
#.....##♣♣ ### #.....#
#.....# ...(.### ###
###...# #.# #..## #.#
#..# #.#


You could see Crazy Yiuf (very poisoned).

Vanquished Creatures
  Jessica (D:2)
  A gnoll (D:1)
  3 dart slugs (D:1)
  A ball python (D:2)
  3 bats (D:1)
  An endoplasm (D:1)
  2 giant cockroaches
  A hobgoblin (D:1)
  4 jackals (D:2)
  2 kobolds
  4 goblins
  A rat (D:2)
24 creatures vanquished.

Vanquished Creatures (others)
  A plant (D:1)
1 creature vanquished.

Grand Total: 25 creatures vanquished

Notes
Turn   | Place    | Note
-------+----------+-------------------------------------------
     0 | D:1      | theblackgale the Demonspawn Monk began the quest for the
                  | Orb.
     0 | D:1      | Reached XP level 1. HP: 18/18 MP: 1/1
   138 | D:1      | Gained mutation: You may rarely emit foul miasma when
                  | damaged in melee. [demonic ancestry]
   138 | D:1      | Reached XP level 2. HP: 24/24 MP: 2/2
   192 | D:1      | Reached XP level 3. HP: 9/29 MP: 3/3
   224 | D:1      | You fall into a shaft and drop 1 floor!
   542 | D:2      | Noticed Jessica
   553 | D:2      | Killed Jessica
  1078 | D:2      | Found a runed translucent door.
  1079 | D:2      | Noticed Crazy Yiuf
  1095 | D:2      | Slain by Crazy Yiuf

Illustrated notes

Levels and vault maps discovered:
D:1:      roderic_chinese_lattice_arrival, layout_loops_ring,
          serial_bayou_lagoon_a
D:2:      layout_loops_ring, uniq_crazy_yiuf_cottage, uniq_jessica

Skill      XL: |  1  2 |
---------------+-------+-----
Long Blades    | 3 |  3.4
Dodging        | 3 |  3.3
Fighting       | |  3.5
Stealth        | |  1.9

Action                     || total
---------------------------++-------
  Melee: Falchion          ||    32
         Dagger            ||    26
  Throw: Dart              ||     3
    Use: Scroll            ||     3
         Potion            ||     1
   Stab: Sleeping          ||     1
 Armour: Robe              ||    18
         Leather armour    ||    11
  Dodge: Dodged            ||    54

Table legend: (Time is in decaauts)
 A = Elapsed time spent in this place.
 B = Non-inter-level travel time spent in this place.
 C = Inter-level travel time spent in this place.
 D = Time resting spent in this place.
 E = Time spent auto-exploring this place.
 F = Levels seen in this place.
 G = Mean time per level.
                   A        B        C        D        E       F      G
               +--------+--------+--------+--------+--------+-----+--------+
         Total |   1095 |    397 |    698 |    205 |      0 |   2 |  547.5 |
       Dungeon |   1095 |    397 |    698 |    205 |      0 |   2 |  547.5 |
               +--------+--------+--------+--------+--------+-----+--------+

Top non-repeatable levels by time:
     D:2: 868 daAuts
     D:1: 227 daAuts
